 Dungeon Crawl Stone Soup version 0.29-a0-824-gd827844252 (webtiles) character file.

Game seed: 1995991645879521658

24391 pokeman the Eclecticist (level 12, -11/68 HPs)
             Began as a Deep Elf Hedge Wizard on July 10, 2022.
             Was an Elder of Vehumet.
             Shot with a bolt by a yaktaur captain (34 damage)
             ... on level 12 of the Dungeon.
             The game lasted 00:51:57 (18804 turns).

pokeman the Eclecticist (Deep Elf Hedge Wizard)    Turns: 18804, Time: 00:51:58

Health: -11/68     AC: 10    Str: 11    XL:     12   Next: 80%
Magic:  41/44      EV: 11    Int: 25    God:    Vehumet [****..]
Gold:   668        SH:  7    Dex: 14    Spells: 20/46 levels left

rFire   + + .      SeeInvis .   A - +5 flail (protect)
rCold   . . .      Faith    .   k - +2 buckler {rC+ rF+}
rNeg    + + +      Spirit   .   w - +0 acid dragon scales
rPois   .          Reflect  .   c - +0 hat
rElec   +          Harm     .   O - +0 cloak {Will+}
rCorr   +          Rampage  .   N - +1 pair of gloves {infuse}
Will    ++...                   (no boots)
Stlth   ++........              H - amulet of magic regeneration
HPRegen 0.21/turn               U - ring "Yhean" {*Slow rElec rN+++ MP+9 Str+4}
MPRegen 0.69/turn               l - ring of fire

@: no status effects
A: no striking features
a: Renounce Religion


You were on level 12 of the Dungeon.
You worshipped Vehumet.
Vehumet was greatly pleased with you.
You visited 2 branches of the dungeon, and saw 13 of its levels.
You also visited: Bailey.

You collected 756 gold pieces.
You spent 88 gold pieces at shops.

Inventory:

Hand Weapons
 i - the +4 sling of Arrival {speed, Fly rC+ Str-4 Int+2}
   (You found it on level 11 of the Dungeon)

   Attacks with this weapon are significantly faster.
   Str:       It affects your strength (-4).
   Int:       It affects your intelligence (+2).
   rC:        It protects you from cold.
   Fly:       It grants you flight.
 A - a +5 flail of protection (weapon)
 J - a +0 arbalest
 P - a +2 demon trident of draining
Missiles
 E - a throwing net
Armour
 c - a +0 hat (worn)
 k - a +2 buckler of resistance (worn)
 w - +0 acid dragon scales (worn)
 N - a +1 pair of gloves of infusion (worn)
 O - a +0 cloak of willpower (worn)
Jewellery
 g - a +6 ring of dexterity
 l - a ring of fire (right hand)
 H - an amulet of magic regeneration (around neck)
 M - a ring of see invisible
 U - the ring "Yhean" (left hand) {*Slow rElec rN+++ MP+9 Str+4}
   (You found it on level 8 of the Dungeon)

   [ring of magical power]

   Str:       It affects your strength (+4).
   rElec:     It insulates you from electricity.
   rN:        It renders you almost immune to negative energy.
   MP:        It affects your magic capacity (+9).
   *Slow:     It may slow you when you take damage.
Wands
 a - a wand of flame (25)
 h - a wand of charming (7)
 B - a wand of quicksilver (9)
Scrolls
 j - a scroll of acquirement {unknown}
 m - 2 scrolls of magic mapping
 o - 7 scrolls of teleportation
 y - a scroll of blinking
 K - a scroll of torment
 L - a scroll of vulnerability {unknown}
 R - 2 scrolls of fog {unknown}
 T - a scroll of amnesia {unknown}
Potions
 b - 3 potions of curing
 d - 2 potions of magic
 e - a potion of ambrosia {unknown}
 f - a potion of might
 u - 3 potions of heal wounds
 v - 2 potions of berserk rage {unknown}
 C - a potion of haste {unknown}
Miscellaneous
 S - a piece from Xom's chessboard (15/15)


   Skills:
 - Level 5.1 Fighting
 - Level 5.0 Armour
 - Level 3.2 Dodging
 - Level 3.0 Stealth
 + Level 3.2 Shields
 * Level 17.7 Spellcasting
 + Level 11.4 Conjurations
 - Level 7.0 Summonings
 + Level 7.6 Necromancy
 - Level 1.1 Translocations
 - Level 1.0 Fire Magic
 - Level 1.0 Air Magic
 - Level 1.0 Earth Magic
 - Level 1.2 Poison Magic
 - Level 1.0 Evocations


You had 20 spell levels left.
You knew the following spells:

 Your Spells              Type           Power      Damage    Failure   Level
a - Magic Dart            Conj           100%       1d8       1%          1
b - Mephitic Cloud        Conj/Pois/Air  45%        N/A       1%          3
c - Call Imp              Summ           55%        N/A       1%          2
d - Blink                 Tloc           54%        N/A       4%          2
e - Conjure Flame         Conj/Fire      68%        6-21      1%          3
f - Foxfire               Conj/Fire      100%       2x1d9     1%          1
g - Fireball              Conj/Fire      34%        3d14      2%          5
h - Stone Arrow           Conj/Erth      100%       3d13      1%          3
i - Starburst             Conj/Fire      34%        6d10      14%         6

Your spell library contained the following spells:

 Spells                   Type           Power      Damage    Failure   Level
 Freeze                   Ice            88%        1d10      1%          1
 Sandblast                Erth           54%        2d13      1%          1
 Shock                    Conj/Air       100%       1d9       1%          1
 Static Discharge         Conj/Air       52%        3-10/arc  1%          2
 Animate Dead             Necr           56%        N/A       1%          4
 Dispel Undead            Necr           56%        3d20      1%          4
 Hailstorm                Conj/Ice       50%        3d11      1%          4
 Sticky Flame             Conj/Fire      68%        2d8       1%          4
 Apportation              Tloc           54%        N/A       2%          1
 Slow                     Hex            88%        N/A       4%          1
 Passwall                 Tmut/Erth      20%        N/A       5%          2
 Ice Form                 Ice/Tmut       22%        N/A       41%         4
 Alistair's Intoxication  Tmut/Pois      16%        N/A       67%         5
 Simulacrum               Ice/Necr       20%        N/A       82%         6
 Haunt                    Necr/Summ      28%        N/A       88%         7
 Infestation              Necr           28%        N/A       100%        8


Dungeon Overview and Level Annotations

Branches:
Dungeon (12/15)            Temple (1/1) D:6            Lair (0/6) D:11
    Orc (0/2) D:12         Bailey (visited)

Altars:
Dithmenos
Elyvilon
Fedhas
Gozag
Makhleb
Nemelex Xobeh
Ru
Sif Muna
Trog
Uskayaw
Vehumet
Wu Jian
Xom
Yredelemnul
The Shining One
Jiyva

Shops:
D:3 [[[[*   D:5 *   D:12 =

Annotations:
D:11 1 runed translucent door


Message History

Aiming: Charm
Press: ? - help, Shift-Dir - straight line, f - yaktaur captain, p - tengu warrior
Aim: a yaktaur captain, wielding a +0 arbalest (lightly wounded, chance to affect: 19%)
Okay, then.
Unknown command.
Unknown command.
Casting: Mephitic Cloud (safe; 1% risk of failure)
Confirm with . or Enter, or press ? or * to list all spells.
Aiming: Mephitic Cloud (safe; 1% risk of failure)
Press: ? - help, Shift-Dir - straight line, f - yaktaur captain, p - tengu warrior
Aim: a yaktaur captain, wielding a +0 arbalest (lightly wounded, chance to affect: 34%)
The ball explodes into a vile cloud!
The stinking cloud engulfs the yaktaur captain but does no damage.
The yaktaur captain is lightly wounded.
The frost giant is engulfed in noxious fumes.
The yaktaur captain is engulfed in noxious fumes.
The yaktaur captain appears confused.
The yaktaur captain unwields a +0 arbalest.
The yaktaur captain wields a +3 falchion of holy wrath.
It softly glows with a divine radiance!
The yaktaur captain hits the frost giant with a +3 falchion of holy wrath!!
The tengu warrior is engulfed in noxious fumes.
The tengu warrior appears confused.
The frost giant is engulfed in noxious fumes.
The yaktaur captain is engulfed in noxious fumes.
The yaktaur captain hits the frost giant with a +3 falchion of holy wrath!
The frost giant is engulfed in noxious fumes.
The frost giant appears confused.
The frost giant hits the yaktaur captain with a +1 battleaxe of freezing!!
The frost giant freezes the yaktaur captain!
The yaktaur captain is engulfed in noxious fumes.
Something hits the yaktaur captain!
Something freezes the yaktaur captain.
The yaktaur captain is engulfed in noxious fumes.
The yaktaur captain seems less confused.
The yaktaur captain unwields a +3 falchion of holy wrath.
It stops glowing.
The yaktaur captain wields a +0 arbalest.
The yaktaur captain shoots a bolt.
The bolt hits you!!
Ouch! That really hurt!
You die...

....##.#####..#....##....).....
##'###.#>..........##....).....
...###.#.............)..B......
#..).....................°..)..
#.....[..........##.........[(.
#.......!..†....)##.......)..>.
......∩)..[#..)............)...
..(.#..)...[..#................
...........#))#.@.##........###
....##.....)......##.....
....##...................
....##..#.............##.
...........#.#........##.
###........#.#...........
#......###....Q..........
###..###.###e...c....##..
#..##....W##..#°####.#..


You could see a yaktaur captain, a tengu warrior (confused) and a deep elf
archer (repels missiles).

Vanquished Creatures
  3 boulder beetles
  Erolcha (D:10)
  4 two-headed ogres
  A tengu warrior (D:9)
  Urug (D:10)
  Sonja (D:11)
  The ghost of Hubris850 the Skirmisher, a novice TeFE of Sif Muna (D:8)
  2 ugly things
  2 cyclopes
  A slime creature (D:8)
  A manticore (D:11)
  4 unseen horrors
  2 gargoyles
  Maggie (D:7)
  A komodo dragon (D:11)
  A kobold demonologist (D:12)
  2 trolls (D:11)
  Sigmund (D:3)
  4 shadows
  2 wraiths (D:12)
  5 wyverns
  A vampire (Bailey)
  A human (D:12)
  25 yaks
  A steam dragon (D:8)
  Edmund (D:6)
  2 wargs (D:12)
  4 acid dragons
  A hornet zombie (D:8)
  5 orc warriors
  2 sky beasts (D:8)
  An ice beast (D:6)
  An ogre (D:5)
  2 centaurs (D:9)
  A phantom (D:5)
  2 necrophages
  A wyvern zombie (D:8)
  2 gnoll sergeants
  2 bullfrogs
  2 scorpions
  31 wights
  3 killer bees (D:9)
  5 howler monkeys
  8 vampire bats (Bailey)
  7 wolf zombies (Bailey)
  3 centaur zombies (D:8)
  5 jellies
  2 gnoll boudas
  7 orc priests
  An iguana (D:4)
  13 orc wizards
  4 howler monkey zombies (D:8)
  17 gnolls
  6 adders
  2 white imps
  A worm (D:3)
  5 dart slugs
  48 orcs
  5 endoplasms
  3 giant cockroaches
  6 goblins
  5 hobgoblins
  11 jackals
  4 quokkas
  3 ball pythons
  9 bats
  2 frilled lizards (D:2)
  2 goblin skeletons (D:7)
  2 goblin zombies (D:7)
  4 hobgoblin zombies (D:7)
  7 kobolds
  2 kobold skeletons (D:7)
  2 kobold zombies (D:7)
  17 orc zombies
  2 rats (D:2)
  6 bushes (D:10)
358 creatures vanquished.

Vanquished Creatures (collateral kills)
  A jelly (D:8)
  3 orcs (D:3)
4 creatures vanquished.

Vanquished Creatures (others)
  3 demonic plants (D:2)
  221 foxfires
  3 fungi (D:2)
  2 plants
  3 withered plants (D:2)
232 creatures vanquished.

Grand Total: 594 creatures vanquished

Notes
Turn   | Place    | Note
-------+----------+-------------------------------------------
     0 | D:1      | pokeman the Deep Elf Hedge Wizard began the quest for the
                  | Orb.
     0 | D:1      | Reached XP level 1. HP: 10/10 MP: 7/7
   431 | D:1      | Reached XP level 2. HP: 16/16 MP: 6/9
  1321 | D:2      | Reached skill level 5 in Spellcasting
  1494 | D:2      | Reached XP level 3. HP: 3/20 MP: 3/11
  1498 | D:2      | Learned a level 3 spell: Mephitic Cloud
  1501 | D:2      | Learned a level 2 spell: Call Imp
  1504 | D:2      | Learned a level 2 spell: Blink
  1508 | D:2      | Learned a level 3 spell: Conjure Flame
  2258 | D:2      | Found a faded altar of an unknown god.
  2267 | D:2      | Reached skill level 1 in Fighting
  2423 | D:2      | Reached skill level 1 in Armour
  3021 | D:3      | Found Viubbur's General Store.
  3025 | D:3      | Bought a scroll of teleportation for 33 gold pieces
  3025 | D:3      | Bought a scroll of noise for 11 gold pieces
  3025 | D:3      | Bought a scroll of identify for 22 gold pieces
  3025 | D:3      | Bought a scroll of identify for 22 gold pieces
  3041 | D:3      | Reached XP level 4. HP: 25/25 MP: 11/13
  3045 | D:3      | Learned a level 3 spell: Stone Arrow
  3404 | D:3      | Found Jeur's Antique Armour Shop.
  3407 | D:3      | Found Jucho Tos's Armour Emporium.
  3470 | D:3      | Reached skill level 6 in Spellcasting
  3789 | D:3      | Found Neneaf's Antique Armour Emporium.
  3836 | D:3      | Reached XP level 5. HP: 29/29 MP: 11/15
  3885 | D:3      | Found Fycip's Antique Armour Boutique.
  3967 | D:3      | Noticed Sigmund
  4491 | D:3      | Killed Sigmund
  4492 | D:3      | Reached XP level 6. HP: 26/34 MP: 11/17
  4681 | D:4      | Found a radiant altar of Vehumet.
  4751 | D:4      | Reached skill level 5 in Conjurations
  5434 | D:4      | Reached skill level 1 in Evocations
  5700 | D:4      | Found an ornate altar of the Wu Jian Council.
  5997 | D:4      | Became a worshipper of Vehumet
  6036 | D:5      | Entered Level 5 of the Dungeon
  6176 | D:5      | Found a bloodstained altar of Trog.
  6176 | D:5      | Noticed an orc warrior
  6196 | D:5      | Killed an orc warrior
  6197 | D:5      | Reached skill level 7 in Spellcasting
  6197 | D:5      | Reached skill level 1 in Necromancy
  6197 | D:5      | Reached skill level 1 in Poison Magic
  6197 | D:5      | Reached XP level 7. HP: 20/38 MP: 7/19
  6301 | D:5      | Found a shimmering blue altar of Sif Muna.
  6391 | D:5      | Got Sif Muna's Essays on Wintry Feathers
  6417 | D:5      | Found Wiqe's Assorted Antiques.
  6685 | D:5      | Reached skill level 1 in Fire Magic
  6685 | D:5      | Reached skill level 1 in Earth Magic
  7014 | D:5      | Found a burning altar of Makhleb.
  7262 | D:6      | Noticed Edmund
  7622 | D:6      | Reached skill level 1 in Air Magic
  7658 | D:6      | Found a staircase to the Ecumenical Temple.
  7662 | D:6      | Reached skill level 8 in Spellcasting
  7761 | D:6      | Reached XP level 8. HP: 44/44 MP: 15/22
  8223 | D:6      | Killed Edmund
  8504 | D:7      | Noticed Maggie
  8506 | D:7      | Reached skill level 9 in Spellcasting
  8839 | D:7      | Found a glowing golden altar of the Shining One.
  8854 | D:7      | Reached * piety under Vehumet
  8854 | D:7      | Offered knowledge of Foxfire by Vehumet.
  9057 | D:7      | Killed Maggie
  9058 | D:7      | Reached skill level 10 in Spellcasting
  9192 | D:7      | Reached XP level 9. HP: 48/48 MP: 13/25
  9546 | D:7      | Learned a level 1 spell: Foxfire
  9923 | D:8      | Reached skill level 11 in Spellcasting
 10006 | D:8      | Reached ** piety under Vehumet
 10006 | D:8      | Offered knowledge of Poisonous Vapours by Vehumet.
 10216 | D:8      | Reached skill level 12 in Spellcasting
 10433 | D:8      | Found a white marble altar of Elyvilon.
 10434 | D:8      | Found an opulent altar of Gozag.
 10434 | D:8      | Found a blossoming altar of Fedhas.
 10505 | D:8      | Reached XP level 10. HP: 25/56 MP: 12/28
 10921 | D:8      | Found a basalt altar of Yredelemnul.
 11137 | D:8      | Offered knowledge of Inner Flame by Vehumet.
 11513 | D:8      | Found a runed translucent gate.
 11513 | D:8      | Found a runed translucent gate.
 11513 | D:8      | Found a runed translucent gate.
 11514 | D:8      | Found a viscous altar of Jiyva.
 11514 | D:8      | Noticed Hubris850's ghost (novice TeFE)
 11595 | D:9      | Reached skill level 1 in Shields
 11603 | D:9      | Reached skill level 5 in Necromancy
 11620 | D:8      | Reached *** piety under Vehumet
 11900 | D:8      | Reached skill level 13 in Spellcasting
 12553 | D:9      | Offered knowledge of Sticky Flame by Vehumet.
 12877 | D:9      | Found a sparkling altar of Nemelex Xobeh.
 13134 | D:9      | Noticed a two-headed ogre
 13143 | D:9      | Killed a two-headed ogre
 13144 | D:9      | Reached skill level 14 in Spellcasting
 13144 | D:9      | Reached XP level 11. HP: 61/61 MP: 20/31
 13204 | D:9      | Noticed a tengu warrior
 13391 | D:9      | Killed a tengu warrior
 13482 | D:9      | Found the +18 Lear's hauberk
 13567 | D:10     | Entered Level 10 of the Dungeon
 13572 | D:10     | Found a flagged portal.
 13579 | Bailey   | Entered a bailey
 13734 | Bailey   | Reached **** piety under Vehumet
 13886 | Bailey   | Offered knowledge of Fireball by Vehumet.
 13895 | Bailey   | Reached skill level 5 in Summonings
 13902 | Bailey   | Learned a level 5 spell: Fireball
 15174 | D:10     | Noticed Urug
 15189 | D:10     | Killed Urug
 15299 | D:10     | Reached skill level 15 in Spellcasting
 15416 | D:10     | Found a hide-covered altar of Uskayaw.
 15641 | D:10     | Noticed Erolcha
 15649 | D:10     | Killed Erolcha
 16094 | D:8      | Reached skill level 10 in Conjurations
 16096 | D:8      | Killed Hubris850's ghost
 16221 | D:8      | Identified the ring "Yhean" {*Slow rElec rN+++ MP+9 Str+4}
 16328 | Temple   | Entered the Ecumenical Temple
 16512 | D:11     | Reached skill level 5 in Armour
 16612 | D:11     | Reached ***** piety under Vehumet
 16612 | D:11     | Offered knowledge of Starburst by Vehumet.
 16620 | D:11     | Learned a level 6 spell: Starburst
 16695 | D:11     | Found a staircase to the Lair.
 16801 | D:11     | Noticed Sonja
 16808 | D:11     | Killed Sonja
 16915 | D:11     | Noticed a boulder beetle
 16927 | D:11     | Reached skill level 16 in Spellcasting
 16934 | D:11     | Reached XP level 12. HP: 67/67 MP: 34/34
 16948 | D:11     | Killed a boulder beetle
 17046 | D:11     | Noticed a death knight
 17046 | D:11     | Noticed a deep troll earth mage
 17046 | D:11     | Found the +3 warlock's mirror {reflect}
 17049 | D:11     | Noticed a centaur warrior
 17050 | D:11     | Found a runed translucent door.
 17050 | D:11     | Noticed a boulder beetle
 17050 | D:11     | Noticed a centaur warrior
 17257 | D:11     | Identified the +4 sling of Arrival {speed, Fly rC+ Str-4
                  | Int+2}
 17514 | D:11     | Noticed a two-headed ogre
 17517 | D:11     | Killed a two-headed ogre
 17518 | D:11     | Reached skill level 5 in Fighting
 17547 | D:11     | Noticed a two-headed ogre
 17551 | D:11     | Killed a two-headed ogre
 17857 | D:11     | Found a shadowy altar of Dithmenos.
 18121 | D:12     | Noticed a two-headed ogre
 18201 | D:12     | Killed a two-headed ogre
 18202 | D:12     | Reached skill level 17 in Spellcasting
 18236 | D:12     | Found Komyrots's Jewellery Boutique.
 18478 | D:12     | Noticed a frost giant
 18479 | D:12     | Noticed a tengu warrior
 18488 | D:12     | Noticed a death knight
 18542 | D:12     | Found a staircase to the Orcish Mines.
 18578 | D:12     | Noticed a boulder beetle
 18585 | D:12     | Noticed a boulder beetle
 18594 | D:12     | Killed a boulder beetle
 18682 | D:12     | Killed a boulder beetle
 18740 | D:12     | Noticed a tengu reaver
 18745 | D:12     | Noticed a yaktaur captain
 18804 | D:12     | Shot with a bolt by a yaktaur captain

Illustrated notes

Levels and vault maps discovered:
D:1:      tarquinn_simple_flora_water_f, layout_basic, serial_forest,
          infiniplex_forest_straight_1, infiniplex_forest_clump_double,
          infiniplex_forest_clump_long, infiniplex_forest_lined_3_way,
          infiniplex_forest_end_2, infiniplex_forest_clump_small,
          infiniplex_forest_straight_2, minivault_5
D:2:      layout_basic, shapermc_ecumenical_altar_gd, kennysheep_generic_room_15
D:3:      layout_rooms, serial_shops, nicolae_lakefront_shop,
          nicolae_shop_hallway_stairs, shop, shop, nicolae_shop_hallway_stairs,
          uniq_sigmund
D:4:      layout_basic, fiery_altar_vehumet, nzn_wu_jian_council_hall
D:5:      layout_loops_ring, nzn_overflow_gifts_of_might_and_magic,
          kennysheep_little_box, serial_shops, shop
D:6:      layout_loops_ring, minmay_temple_entry_antechambers, uniq_edmund
D:7:      layout_basic, nicolae_tso_besieged_by_evil, uniq_maggie
D:8:      layout_basic, nicolae_yredelemnul_corpse_copse,
          chequers_temple_overflow_statue_of_worship,
          gammafunk_temple_overflow_elements, serial_glass, glass_columns_b,
          glass_columns_c, glass_columns_b, glass_columns_a, glass_columns_c,
          glass_columns_b, gammafunk_ghost_ooze, grunt_ministairs_5
D:9:      layout_small_grid, nemelex_spade_bored_becter, special_room
          [special_room_orc], hellmonk_guarded_unrand_lears
D:10:     layout_basic, nicolae_uskayaw_dance_hall, enter_bailey_2,
          minmay_hedge_maze, hangedman_abyss_or_decor_clamps,
          corexii_leaking_fountain, hellmonk_bongcloud_opening, kennysheep_nub,
          uniq_urug, uniq_erolcha
D:11:     layout_irregular_city, erik_lair_dragon, serial_rivers,
          chequers_serial_rivers_micro_d, chequers_serial_rivers_marsh,
          chequers_serial_rivers_micro_c, chequers_serial_rivers_room_a,
          chequers_serial_rivers_micro_b, grunt_ministairs_13, minmay_st_funbox,
          grunt_dithmenos_shadows, uniq_sonja
D:12:     layout_basic, erik_orc_4, serial_shops, nicolae_stop_n_shop_2, shop,
          nicolae_lakefront_shop, nicolae_shop_window_shopping,
          grunt_ministairs_7, minmay_checkered_concentric_circles
Temple:   hellmonk_temple_forest_ring

Skill      XL: |  1  2  3  4  5  6  7  8  9 10 11 12 |
---------------+-------------------------------------+-----
Spellcasting   | 5 6 7 8 10 12 14 16 17 | 17.7
Conjurations   | 2 4 5 6 8 9 10 11 | 11.4
Fighting       | 1 2 3 4 5 |  5.1
Armour         | 1 2 3 5 |  5.0
Stealth        | 3 |  3.0
Dodging        | 3 |  3.2
Evocations     | 1 |  1.0
Necromancy     | 1 3 4 6 7 |  7.6
Poison Magic   | 1 |  1.2
Fire Magic     | 1 |  1.0
Earth Magic    | 1 |  1.0
Air Magic      | 1 |  1.0
Summonings     | 2 4 6 7 |  7.0
Shields        | 2 3 |  3.2
Translocations | |  1.1

Action                   |  1- 3 |  4- 6 |  7- 9 | 10-12 || total
-------------------------+-------+-------+-------+-------++-------
Melee: Dagger            |     9 |    29 |     8 |       ||    46
       Punch             |       |     1 |       |     1 ||     2
       Flail             |       |       |    49 |    89 ||   138
       Long sword        |       |       |     1 |       ||     1
 Cast: Magic Dart        |   101 |    85 |    67 |       ||   253
       Mephitic Cloud    |       |     9 |    16 |    25 ||    50
       Conjure Flame     |       |     9 |    11 |    32 ||    52
       Call Imp          |       |     3 |     3 |     5 ||    11
       Blink             |       |     1 |     3 |    21 ||    25
       Stone Arrow       |       |       |    73 |   110 ||   183
       Foxfire           |       |       |    22 |   108 ||   130
       Fireball          |       |       |       |   126 ||   126
  Use: Scroll            |     6 |     1 |     7 |     1 ||    15
 Stab: Sleeping          |     1 |       |     1 |       ||     2
       Confused          |       |     5 |     3 |     2 ||    10
Armor: Robe              |     1 |     3 |       |       ||     4
       Leather armour    |       |     2 |     8 |       ||    10
       Acid dragon scale |       |       |     7 |    73 ||    80
Dodge: Dodged            |    23 |    31 |    35 |   102 ||   191
Block: Buckler           |       |       |       |     5 ||     5

Table legend: (Time is in decaauts)
 A = Elapsed time spent in this place.
 B = Non-inter-level travel time spent in this place.
 C = Inter-level travel time spent in this place.
 D = Time resting spent in this place.
 E = Time spent auto-exploring this place.
 F = Levels seen in this place.
 G = Mean time per level.
                   A        B        C        D        E       F      G
               +--------+--------+--------+--------+--------+-----+--------+
         Total |  18861 |  17832 |   1029 |   2297 |  12497 |  14 | 1347.2 |
       Dungeon |  17313 |  16288 |   1025 |   1945 |  11911 |  12 | 1442.8 |
        Temple |     35 |     31 |      4 |      0 |      0 |   1 |   35.0 |
        Bailey |   1512 |   1512 |      0 |    352 |    586 |   1 | 1512.0 |
               +--------+--------+--------+--------+--------+-----+--------+

Top non-repeatable levels by time:
     D:8: 2681 daAuts
     D:2: 1934 daAuts
    D:11: 1794 daAuts
  Bailey: 1512 daAuts
     D:4: 1459 daAuts
     D:5: 1376 daAuts
     D:3: 1334 daAuts
     D:6: 1325 daAuts
     D:9: 1316 daAuts
     D:1: 1306 daAuts
     D:7: 1287 daAuts
    D:10: 943 daAuts
    D:12: 552 daAuts
  Temple: 35 daAuts
